 Dungeon Crawl Stone Soup version 0.28-a0-1117-g0bdd5ba030 (webtiles) character file.

Game seed: 13971643028205182548

263 ders the Digger (level 6, -8/48 HPs)
             Began as a Gargoyle Earth Elementalist on Dec 11, 2021.
             Mangled by siradein's ghost (10 damage)
             ... on level 4 of the Dungeon.
             The game lasted 00:05:19 (4258 turns).

ders the Digger (Gargoyle Earth Elementalist)       Turns: 4258, Time: 00:05:20

Health: -8/48      AC: 23    Str: 12    XL:     6   Next: 19%
Magic:  1/11       EV:  2    Int: 19    God:
Gold:   91         SH:  0    Dex: 10    Spells: 4/12 levels left

rFire   + . .      SeeInvis .   p - staff of fire
rCold   . . .      Faith    .   (no shield)
rNeg    + . .      Spirit   .   (armour currently unavailable)
rPois   ∞          Reflect  .   (helmet currently unavailable)
rElec   .          Harm     .   (cloak currently unavailable)
rCorr   .          Rampage  .   (gloves currently unavailable)
Will    .....      NoTele   +   (boots currently unavailable)
Stlth   ++........              (no amulet)
HPRegen 0.16/turn               (no ring)
MPRegen 0.12/turn               (no ring)

@: tree-form
A: stationary, stasis, torment immunity, boosted hp, sickness immunity, AC +4,
negative energy resistance 1, (electricity resistance), torment resistance 1,
petrification resistance, (antennae 1), clever 1
a: no special abilities


You were on level 4 of the Dungeon.
You were a tree.
You visited 1 branch of the dungeon, and saw 4 of its levels.

You collected 91 gold pieces.

Inventory:

Hand Weapons
 l - a +0 dagger
Missiles
 c - a stone
Armour
 b - a +0 robe (melded)
 g - a +0 buckler
 j - a +0 pair of gloves (melded)
Magical Staves
 p - a staff of fire (weapon)
Wands
 n - a wand of mindburst (12)
Scrolls
 a - a scroll of noise {unknown}
 d - a scroll of identify {unknown}
 e - a scroll of amnesia {unknown}
 f - a scroll of immolation {unknown}
 i - a scroll of summoning {unknown}
 m - a scroll of teleportation {unknown}
 o - a scroll of vulnerability {unknown}
Potions
 q - a potion of brilliance {unknown}


   Skills:
 - Level 1.5 Dodging
 - Level 2.1 Stealth
 + Level 3.7 Spellcasting
 + Level 3.5 Conjurations
 - Level 0.7 Transmutations
 + Level 5.4 Earth Magic


You had 4 spell levels left.
You knew the following spells:

 Your Spells              Type           Power      Damage    Failure   Level
a - Sandblast             Erth           48%        2d12      1%          1
b - Stone Arrow           Conj/Erth      40%        3d9       7%          3
c - Petrify               Tmut/Erth      15%        N/A       36%         4

Your spell library contained the following spells:

 Spells                   Type           Power      Damage    Failure   Level
 Passwall                 Tmut/Erth      12%        N/A       6%          2
 Animate Skeleton         Necr           6%         N/A       14%         1
 Pain                     Necr           12%        1d4       14%         1
 Vampiric Draining        Necr           3%         2d6       38%         3


Dungeon Overview and Level Annotations

Branches:
Dungeon (4/15)
 Temple: D:4-7

Altars:

Shops:
D:3 *

Annotations:
D:4 RancidPinata's ghost, weakling GrDe; siradein's ghost, novice PaFi


Innate Abilities, Weirdness & Mutations

You are a tree.
Your roots penetrate the ground, keeping you stationary.
You cannot be teleported.
You are immune to unholy pain and torment.
Your maximum health is greatly increased.
Your equipment is partially melded.
You are immune to sickness and miasma.
((Your stone body is resilient. (AC +4)))
You are immune to poison.
You resist negative energy. (rN+)
((You are resistant to electric shocks. (rElec)))
You are resistant to unholy torment.
You are immune to petrification.
((You have a pair of small antennae on your head.))
Your mind is acute. (Int +2)


Message History

Aim: siradein's ghost (moderately damaged, 81% to hit)
The stone arrow hits siradein's ghost.
Siradein's ghost is moderately damaged.
RancidPinata's ghost hits you!
Siradein's ghost hits you but does no damage.
Casting: Stone Arrow (quite dangerous; 8% risk of failure)
Confirm with . or Enter, or press ? or * to list all spells.
Aiming: Stone Arrow (quite dangerous; 8% risk of failure)
Press: ? - help, Shift-Dir - straight line, f/p - siradein's ghost
Aim: siradein's ghost (moderately damaged, 81% to hit)
The stone arrow hits siradein's ghost.
Siradein's ghost is moderately damaged.
RancidPinata's ghost hits you but does no damage.
Siradein's ghost hits you but does no damage.
Casting: Stone Arrow (quite dangerous; 8% risk of failure)
Confirm with . or Enter, or press ? or * to list all spells.
You don't have enough magic to cast this spell.
Casting: Stone Arrow (quite dangerous; 8% risk of failure)
Confirm with . or Enter, or press ? or * to list all spells.
Aiming: Sandblast (safe; 1% risk of failure)
Press: ? - help, Shift-Dir - straight line, f/p - siradein's ghost
Aim: siradein's ghost (moderately damaged, 88% to hit)
The blast of sand hits siradein's ghost but does no damage.
Siradein's ghost is moderately damaged.
RancidPinata's ghost hits you!
* * * LOW HITPOINT WARNING * * *
Siradein's ghost hits you but does no damage.
Unknown command.
RancidPinata's ghost closely misses you.
It was a potion of lignification.
You turn into a tree.
Your +0 pair of gloves melds into your body.
Your +0 robe melds into your body.
Your roots penetrate the ground.
RancidPinata's ghost hits you but does no damage.
Siradein's ghost hits you but does no damage.
It was a potion of mutation.
You feel extremely strange.
You feel clever. A pair of antennae grows on your head!
RancidPinata's ghost hits you!
* * * LOW HITPOINT WARNING * * *
Siradein's ghost hits you!
You die...

#.......+...........#....
#.......#...........#...)
#.......#'###########....
#......).................
#........................
#........######..........
########.#♣⌠♣[##.........
#.......#....8######...>
#......♣#......#...#..).
#......WW.....♣#.......[
#.......'.....⌠#....####
#.......'.....♣####.# #
#....(..#.....$ ### #
........#....8# #
......###♣⌠♣?## # <.....
#### # ###### ###


You could see RancidPinata's ghost and siradein's ghost.

Vanquished Creatures
  A water moccasin skeleton (D:4)
  A centaur skeleton (D:3)
  A jelly (D:3)
  Terence (D:2)
  2 gnolls (D:4)
  4 adders (D:2)
  2 worms (D:2)
  2 dart slugs (D:2)
  9 orcs
  5 ball pythons
  4 bats
  4 endoplasms
  2 giant cockroaches
  2 goblins
  7 hobgoblins
  6 kobolds
  4 quokkas
  4 frilled lizards
  5 rats
66 creatures vanquished.

Notes
Turn   | Place    | Note
-------+----------+-------------------------------------------
     0 | D:1      | ders the Gargoyle Earth Elementalist began the quest for
                  | the Orb.
     0 | D:1      | Reached XP level 1. HP: 10/10 MP: 3/3
    10 | D:1      | Noticed an electric eel
   256 | D:1      | Reached XP level 2. HP: 15/15 MP: 1/5
   361 | D:1      | Reached skill level 1 in Conjurations
  1052 | D:2      | Reached skill level 4 in Earth Magic
  1472 | D:2      | Reached XP level 3. HP: 19/19 MP: 2/6
  1858 | D:2      | Reached XP level 4. HP: 24/24 MP: 6/8
  1888 | D:2      | Noticed Terence
  1922 | D:1      | Learned a level 3 spell: Stone Arrow
  1927 | D:1      | Learned a level 4 spell: Petrify
  1961 | D:2      | Found a faded altar of an unknown god.
  2329 | D:2      | Killed Terence
  2719 | D:3      | Reached XP level 5. HP: 28/28 MP: 5/9
  3077 | D:3      | Found Fappixtu's General Store.
  3089 | D:3      | Reached skill level 5 in Earth Magic
  3812 | D:4      | Reached XP level 6. HP: 32/32 MP: 5/11
  4243 | D:4      | Found a runed translucent gate.
  4243 | D:4      | Found a runed translucent gate.
  4245 | D:4      | Found a runed translucent gate.
  4246 | D:4      | Noticed siradein's ghost (novice PaFi)
  4247 | D:4      | Noticed RancidPinata's ghost (weakling GrDe)
  4258 | D:4      | Gained mutation: Your mind is acute. (Int +2) [potion of
                  | mutation]
  4258 | D:4      | Gained mutation: You have a pair of small antennae on your
                  | head. [potion of mutation]
  4258 | D:4      | HP: 2/48 [RancidPinata's ghost (8)]
  4258 | D:4      | Mangled by siradein's ghost

Illustrated notes

Levels and vault maps discovered:
D:1:      arrival_aquarium_a, layout_basic, chequers_serial_rivers_small_a
D:2:      kb_forest_paths, layout_basic, ebering_ecumenical_altar_abandoned,
          minmay_misc_feat_hallway, uniq_terence
D:3:      layout_basic, serial_shops, shop
D:4:      layout_gridville, minmay_temple_entry_glassed_door,
          gammafunk_ghost_cemetery

Skill      XL: |  1  2  3  4  5 |
---------------+----------------+-----
Conjurations   | 1 2 3 |  3.5
Earth Magic    | 4 5 |  5.4
Spellcasting   | 3 |  3.7
Dodging        | |  1.5
Stealth        | |  2.1
Transmutations | |  0.7

Action                   |  1- 3 |  4- 6 || total
-------------------------+-------+-------++-------
Melee: Unarmed           |     2 |       ||     2
       Dagger            |    12 |     2 ||    14
       Staff             |       |     7 ||     7
 Cast: Sandblast         |    47 |    42 ||    89
       Stone Arrow       |       |    26 ||    26
  Use: Potion            |       |     2 ||     2
Armor: Robe              |    11 |    25 ||    36
       Skin              |       |     2 ||     2
Dodge: Dodged            |    14 |    23 ||    37

Table legend: (Time is in decaauts)
 A = Elapsed time spent in this place.
 B = Non-inter-level travel time spent in this place.
 C = Inter-level travel time spent in this place.
 D = Time resting spent in this place.
 E = Time spent auto-exploring this place.
 F = Levels seen in this place.
 G = Mean time per level.
                   A        B        C        D        E       F      G
               +--------+--------+--------+--------+--------+-----+--------+
         Total |   4263 |   4100 |    163 |    451 |   3063 |   4 | 1065.8 |
       Dungeon |   4263 |   4100 |    163 |    451 |   3063 |   4 | 1065.8 |
               +--------+--------+--------+--------+--------+-----+--------+

Top non-repeatable levels by time:
     D:2: 1529 daAuts
     D:3: 1248 daAuts
     D:1: 1155 daAuts
     D:4: 329 daAuts
